 Dungeon Crawl Stone Soup version 0.21-a0-504-g2eda33064f (webtiles) character file.

51 Kaname the Magician (level 3, -1/24 HPs)
             Began as a Demonspawn Wizard on Nov 26, 2017.
             Slain by a goblin
             ... wielding a cursed +0 club
             ... led by Robin
              (8 damage)
             ... on level 2 of the Dungeon.
             The game lasted 00:04:12 (1266 turns).

Kaname the Magician (Demonspawn Wizard)             Turns: 1266, Time: 00:04:12

Health: -1/24      AC:  5    Str:  7    XL:     3   Next: 58%
Magic:  0/7        EV: 11    Int: 20    God:
Gold:   43         SH:  0    Dex: 11    Spells: 2/8 levels left

rFire    + . .     SeeInvis .   e - +0 dagger
rCold    . . .     Gourm    .   (no shield)
rNeg     . . .     Faith    .   g - +2 leather armour {rF+}
rPois    .         Spirit   .   b - +0 hat
rElec    .         Reflect  .   (no cloak)
rCorr    .         Harm     .   (no gloves)
MR       .....                  (no boots)
Stlth    +.........             (no amulet)
HPRegen  0.08/turn              (no ring)
MPRegen  0.10/turn              (no ring)

@: no status effects
A: powered by death 1
a: no special abilities


You were on level 2 of the Dungeon.
You were not hungry.

You visited 1 branch of the dungeon, and saw 2 of its levels.

You collected 43 gold pieces.

Inventory:

Hand Weapons
 e - a +0 dagger (weapon)
Armour
 b - a +0 hat (worn)
 g - a +2 leather armour of fire resistance (worn)
Scrolls
 f - a scroll of amnesia {unknown}
 j - 2 scrolls of identify {unknown}
 k - a scroll of remove curse {unknown}
 l - a scroll of noise {unknown}
Potions
 a - a potion of ambrosia {unknown}
 i - a potion of haste {unknown}
Books
 c - a book of Minor Magic

   Spells                             Type                      Level
   a - Magic Dart                     Conjuration                  1
   b - Blink                          Translocation                2
   c - Call Imp                       Summoning                    2
   d - Slow                           Hexes                        2
   e - Conjure Flame                  Conjuration/Fire             3
   f - Mephitic Cloud                 Conjuration/Poison/Air       3
Comestibles
 d - 2 bread rations
 h - a royal jelly


   Skills:
 - Level 1.7 Dodging
 - Level 1.7 Stealth
 - Level 3.0 Spellcasting
 - Level 3.0 Conjurations
   Level 1.0 Summonings
 - Level 1.0 Translocations
 - Level 1.0 Air Magic
 + Level 0.7 Poison Magic


You had 2 spell levels left.
You knew the following spells:

 Your Spells              Type           Power        Failure   Level  Hunger
a - Magic Dart            Conj           ###.         6%          1    None
b - Blink                 Tloc           N/A          22%         2    ##.....
c - Mephitic Cloud        Conj/Pois/Air  #.......     32%         3    ###....


Dungeon Overview and Level Annotations

Branches:
Dungeon (2/15)

Altars:

Annotations:
D:2 Robin


Innate Abilities, Weirdness & Mutations

You regenerate a little health from kills.


Message History

The quokka closely misses you.
You barely miss the quokka.
The quokka is severely wounded.
The goblin hits you but does no damage. The quokka barely misses you.
You closely miss the quokka.
The quokka is severely wounded.
Robin throws the goblin at you! The goblin hits you but does no damage.
The goblin hits you with a club. The quokka bites you.
Casting: Magic Dart
Confirm with . or Enter, or press ? or * to list all spells.
Aiming: Magic Dart
Press: ? - help, Shift-Dir - straight line, f/p - quokka
Aim: a quokka (severely wounded)
The magic dart hits the quokka.
The quokka is severely wounded.
Robin says, "My army is invincible!"
The quokka bites you.
* * * LOW HITPOINT WARNING * * *
The goblin hits you with a club!
You die...

................# #.............
#.........†....)####.###........
....................#..##.g..g...
......###...#...##.........####..
......##...##....#.........# #..
....†..#...###...#.........####.#
........g.......gg.......>).....#
...#...#.......gr#..............#
......g.........@#.r...........(#
.......g#......g.#..............#
......g.#........#..............#
..#.....#........#..............#
.....g.#.........#..............#
.....g.#...#.....#......##..###.#
.....g.#...#.........#### ..
.....###.......##....# .g...
........##.....


You could see Robin, a quokka, a hobgoblin and 2 goblins.

Vanquished Creatures
  An ooze (D:1)
  A dart slug (D:1)
  A leopard gecko (D:1)
  A giant cockroach (D:1)
  3 hobgoblins
  3 kobolds (D:1)
  A ball python (D:2)
  8 bats
  2 frilled lizards
  16 goblins
  3 rats
40 creatures vanquished.

Notes
Turn   | Place    | Note
-------+----------+-------------------------------------------
     0 | D:1      | Kaname the Demonspawn Wizard began the quest for the Orb.
     0 | D:1      | Reached XP level 1. HP: 13/13 MP: 4/4
   235 | D:1      | Gained mutation: You regenerate a little health from kills. [demonic ancestry]
   235 | D:1      | Reached XP level 2. HP: 15/19 MP: 6/6
   267 | D:1      | Learned a level 2 spell: Blink
   671 | D:1      | Reached XP level 3. HP: 10/24 MP: 2/7
   676 | D:1      | Learned a level 3 spell: Mephitic Cloud
   777 | D:1      | Reached skill level 1 in Translocations
  1152 | D:2      | Noticed Robin
  1183 | D:2      | Reached skill level 1 in Air Magic
  1266 | D:2      | Slain by a goblin

Vault maps used:
D:1:      saegor_arrival_simple_c, minmay_misc_feat_nine_boxes,
          hangedman_decor_points
D:2:      uniq_robin

Skill      XL: |  1  2  3 |
---------------+----------+-----
Conjurations   | 2 3 |  3.0
Translocations | 1 |  1.0
Air Magic      | 1 |  1.0
Dodging        | |  1.7
Stealth        | |  1.7
Spellcasting   | |  3.0
Summonings     | |  1.0
Poison Magic   | |  0.7

Action                   || total
-------------------------++-------
Melee: Dagger            ||    49
       Unarmed           ||     2
 Cast: Magic Dart        ||    68
  Eat: Chunk             ||     1
Armor: Leather armour    ||    30
Dodge: Dodged            ||    49

Table legend:
 A = Spawn XP
 B = Non-spawn XP
 C = Spawn XP percentage of total XP
 D = Spawn monster count
 E = Non-spawn monster count
 F = Spawn count percentage of total count
 G = Total turns spent on level
                    A         B        C        D         E        F      G
               +---------+---------+-------+---------+---------+-------+---------
         Total |       0 |      74 |   0.0 |       0 |      40 |   0.0 |  1266
               +---------+---------+-------+---------+---------+-------+---------
           D:1 |       0 |      48 |   0.0 |       0 |      24 |   0.0 |  1065
           D:2 |       0 |      26 |   0.0 |       0 |      16 |   0.0 |   201
               +---------+---------+-------+---------+---------+-------+---------
